 Dungeon Crawl Stone Soup version 0.28.0-53-g5a82cb258f (webtiles) character file.

Game seed: 7253023514143676893

96158 pkoi the Martial Artist (level 15, -6/115 HPs)
             Began as a Demigod Ice Elementalist on May 28, 2022.
             Mangled by a catoblepas (10 damage)
             ... led by Polyphemus
             ... while petrified by a catoblepas
             ... on level 3 of the Shoals on May 29, 2022.
             The game lasted 01:33:52 (47539 turns).

pkoi the Martial Artist (Demigod Ice Elementalist) Turns: 47539, Time: 01:33:52

Health: -6/115     AC: 14    Str:  5    XL:     15   Next: 25%
Magic:  19/33      EV:  2    Int: 43    God:
Gold:   710        SH:  0    Dex: 14    Spells: 7/34 levels left

rFire   + . .      SeeInvis .   y - staff of poison
rCold   + . .      Faith    .   (no shield)
rNeg    + + +      Spirit   .   P - +2 robe {rC+}
rPois   ∞          Reflect  .   E - +0 hat {Stlth+}
rElec   .          Harm     .   (no cloak)
rCorr   .          Rampage  .   i - +0 pair of gloves
Will    +....                   B - +0 pair of boots
Stlth   ++........              A - amulet "Suxanliy" {RegenMP rPois}
HPRegen 0.29/turn               H - ring of the Tortoise {AC+8}
MPRegen 0.63/turn               k - ring of Pathrot {rF+ Str-4 Int+6 Slay+3}

@: petrified, very slow
A: high MP 1, forlorn, divine attributes
a: no special abilities


You were on level 3 of the Shoals.
You visited 4 branches of the dungeon, and saw 23 of its levels.
You also visited: Gauntlet.

You collected 1216 gold pieces.
You spent 506 gold pieces at shops.

Inventory:

Hand Weapons
 K - the +5 short sword of Day {holy, rCorr Int+6 Dex-2}
   (You took it off a minotaur in a Gauntlet)

   It has been blessed by the Shining One to cause great damage to the undead
   and demons.
   Int:       It affects your intelligence (+6).
   Dex:       It affects your dexterity (-2).
   rCorr:     It protects you from acid and corrosion.
Missiles
 l - 9 throwing nets
 F - 8 curare-tipped darts
Armour
 i - a +0 pair of gloves (worn)
 B - a +0 pair of boots (worn)
 E - a +0 hat of stealth (worn)
 G - a +1 robe of willpower
 P - a +2 robe of cold resistance (worn)
Magical Staves
 u - a staff of air
 y - a staff of poison (weapon)
Jewellery
 c - a ring of fire
 k - the ring of Pathrot (right hand) {rF+ Str-4 Int+6 Slay+3}
   (You found it on level 4 of the Lair of Beasts)

   [ring of intelligence]

   Str:       It affects your strength (-4).
   Int:       It affects your intelligence (+6).
   Slay:      It affects your accuracy & damage with ranged weapons and melee
   (+3).
   rF:        It protects you from fire.
 A - the amulet "Suxanliy" (around neck) {RegenMP rPois}
   (You found it in a Gauntlet)

   [amulet of magic regeneration]

   It increases your rate of magic regeneration.
   rPois:     It protects you from poison.
 D - a ring of resist corrosion
 H - the ring of the Tortoise (left hand) {AC+8}
   (You took it off a minotaur in a Gauntlet)

   [ring of protection]

   AC:        It affects your AC (+8).
 N - a ring of Ufyhoxox {Wiz Int+4}
   (You found it in a Gauntlet)

   [ring of wizardry]

   It improves your spell success rate.
   Int:       It affects your intelligence (+4).
 O - a ring of ice
 S - a ring of protection from fire
Wands
 a - a wand of paralysis (5)
 e - a wand of acid (6)
 g - a wand of flame (22)
 p - a wand of charming (9)
 v - a wand of digging (15)
 x - a wand of iceblast (9)
 M - a wand of polymorph (3)
Scrolls
 b - 2 scrolls of enchant armour
 f - 4 scrolls of amnesia
 m - a scroll of summoning
 q - 6 scrolls of teleportation
 r - 2 scrolls of fog
 t - 2 scrolls of enchant weapon
 w - a scroll of silence
 I - 2 scrolls of identify
 L - a scroll of holy word
Potions
 d - 6 potions of might
 j - a potion of magic
 n - a potion of invisibility
 o - 3 potions of brilliance
 z - 6 potions of cancellation
 C - 3 potions of berserk rage
 J - a potion of curing
 Q - a potion of ambrosia
 R - a potion of flight
Miscellaneous
 s - a phantom mirror


   Skills:
 - Level 6.0 Fighting
 - Level 6.0 Dodging
 - Level 3.0 Stealth
 + Level 11.6 Unarmed Combat
 - Level 10.0 Spellcasting
 - Level 5.0 Conjurations
 - Level 7.0 Translocations
 + Level 10.8 Transmutations
 - Level 3.0 Fire Magic
 - Level 7.7 Ice Magic
 + Level 9.5 Air Magic
 - Level 4.0 Poison Magic
 - Level 6.0 Evocations


You had 7 spell levels left.
You knew the following spells:

 Your Spells              Type           Power      Damage    Failure   Level
a - Freeze                Ice            100%       1d11      1%          1
b - Frozen Ramparts       Ice            100%       1d12      1%          3
c - Ozocubu's Armour      Ice            73%        N/A       1%          3
d - Poisonous Vapours     Pois/Air       100%       N/A       1%          2
e - Ignite Poison         Fire/Tmut/Pois 83%        N/A       1%          3
f - Hailstorm             Conj/Ice       66%        3d14      1%          4
g - Conjure Flame         Conj/Fire      54%        6-21      1%          3
h - Magic Dart            Conj           100%       1d8       1%          1
i - Blink                 Tloc           100%       N/A       1%          2
j - Manifold Assault      Tloc           69%        N/A       2%          5

Your spell library contained the following spells:

 Spells                   Type           Power      Damage    Failure   Level
 Animate Skeleton         Necr           42%        N/A       1%          1
 Apportation              Tloc           100%       N/A       1%          1
 Beastly Appendage        Tmut           100%       N/A       1%          1
 Slow                     Hex            84%        N/A       1%          1
 Summon Small Mammal      Summ           84%        N/A       1%          1
 Corpse Rot               Necr/Air       100%       N/A       1%          2
 Wereblood                Tmut           85%        N/A       1%          2
 Gell's Gravitas          Tloc           69%        N/A       1%          3
 Mephitic Cloud           Conj/Pois/Air  84%        N/A       1%          3
 Spider Form              Tmut/Pois      91%        N/A       1%          3
 Teleport Other           Tloc           69%        N/A       1%          3
 Iskenderun's Mystic Bla  Conj/Tloc      64%        2d13      1%          4
 Petrify                  Tmut/Erth      61%        N/A       1%          4
 Summon Lightning Spire   Summ/Air       58%        N/A       1%          4
 Alistair's Intoxication  Tmut/Pois      60%        N/A       1%          5
 Irradiate                Conj/Tmut      37%        3d26      1%          5
 Call Imp                 Summ           21%        N/A       2%          2
 Sticky Flame             Conj/Fire      54%        2d7       2%          4
 Confusing Touch          Hex            21%        N/A       4%          3
 Tukima's Dance           Hex            21%        N/A       4%          3
 Vampiric Draining        Necr           21%        2d7       4%          3
 Fulminant Prism          Conj/Hex       21%        3d13      4%          4
 Yara's Violent Unravell  Hex/Tmut       30%        3d13      4%          5
 Metabolic Englaciation   Hex/Ice        26%        N/A       9%          5
 Summon Forest            Summ/Tloc      25%        N/A       10%         5
 Eringya's Noxious Bog    Tmut/Pois      45%        N/A       11%         6
 Dispersal                Tloc           34%        N/A       12%         6
 Storm Form               Tmut/Air       41%        N/A       19%         7
 Statue Form              Tmut/Erth      40%        N/A       24%         6
 Lee's Rapid Deconstruct  Erth           10%        3d9*      36%         5
 Starburst                Conj/Fire      27%        6d9       38%         6
 Enfeeble                 Hex            10%        N/A       100%        7
 Summon Hydra             Summ           10%        N/A       100%        7
 Maxwell's Capacitive Co  Air            40%        ∞         88%         8
 Chain Lightning          Conj/Air       35%        3d47      100%        9
 Fire Storm               Conj/Fire      27%        8d7       100%        9
 Shatter                  Erth           10%        3d12*     100%        9


Dungeon Overview and Level Annotations

Branches:
Dungeon (13/15)            Temple (1/1) D:7            Lair (6/6) D:11
 Shoals (3/4) Lair:4       Spider (0/4) Lair:2        Slime (0/5) Lair:6
    Orc (0/2) D:9         Gauntlet (visited)
 Vaults: D:13-14

Shops:
D:4 *:   D:12 (   Shoals:2 *

Annotations:
Lair:3 1 runed translucent door, Shockd's ghost, journeyman MfIE
Lair:6 exclusion: oklob plant
Shoals:3 Polyphemus


Innate Abilities, Weirdness & Mutations

You have an increased reservoir of magic. (+10% MP)
You shall have no god before yourself.
Your divine heritage dramatically boosts your attributes as you level up.


Message History

Poisonous vapours surround the death yak!
The death yak is poisoned.
The catoblepas closely misses you. The death yak gores you!
* * * LOW HITPOINT WARNING * * *
Unknown command.
Casting: Poisonous Vapours (safe; 1% risk of failure)
Confirm with . or Enter, or press ? or * to list all spells.
You feel a surge of power!
You ignite the poison in your surroundings!
The catoblepas seems to burn from within!!!
The catoblepas is severely wounded.
The death yak seems to burn from within!!!
You kill the death yak!
The catoblepas breathes a plume of calcifying dust at you.
The blast of calcifying dust hits you!
* * * LOW HITPOINT WARNING * * *
Unknown command.
You are engulfed in calcifying dust.
Polyphemus throws the catoblepas at you!
* * * LOW HITPOINT WARNING * * *
The catoblepas gores you!
* * * LOW HITPOINT WARNING * * *
Polyphemus shouts, "You will make a great snack!"
Polyphemus throws a large rock.
The large rock hits you!!
* * * LOW HITPOINT WARNING * * *
The catoblepas breathes a plume of calcifying dust at you.
The blast of calcifying dust hits you!
* * * LOW HITPOINT WARNING * * *
Unknown command.
Unknown command.
As you read the scroll of fear, it crumbles to dust.
You assume a fearsome visage.
Polyphemus looks frightened!
The catoblepas resists with some effort.
You are engulfed in calcifying dust.
You are slowing down.
The catoblepas gores you but does no damage.
The catoblepas gores you but does no damage.
You have turned to stone.
Polyphemus seems to regain his courage.
The catoblepas gores you!!
You die...

≈≈≈≈.≈≈≈.!.≈.≈≈≈≈≈≈≈..≈
≈≈§≈≈≈≈≈≈C≈≈≈≈≈≈≈≈≈≈...≈
≈≈≈≈≈≈≈≈≈≈≈≈≈≈≈≈≈≈≈≈≈..≈
≈≈≈≈≈≈≈≈≈≈≈≈≈≈≈≈≈≈≈≈≈≈≈≈≈≈≈≈≈≈≈≈≈
≈≈≈≈≈≈≈≈≈≈≈≈≈≈≈≈≈≈≈≈≈≈≈≈≈≈≈≈≈≈≈≈≈
≈≈≈t≈≈≈≈≈≈≈≈≈≈≈≈≈≈≈≈≈≈≈≈≈≈≈≈≈≈≈≈≈
≈..≈≈≈≈≈≈≈≈≈≈≈..§§≈≈≈≈≈≈≈≈≈≈...≈≈
...≈≈≈..≈≈≈≈≈.≈≈≈≈≈≈≈≈≈≈≈≈......
#..≈......≈≈≈≈@Y≈≈≈≈≈≈≈≈≈..####
#....# #..≈≈.#.≈≈≈≈≈≈≈≈≈...# #
###.≈≈.###.≈≈≈.##§≈≈≈≈≈≈≈≈...#
....≈≈..##.≈≈≈.....≈≈≈≈≈≈≈...##
≈.......<...)...###..≈≈≈≈.....##
≈≈≈≈.....≈≈≈≈...###..≈≈≈.......##
≈≈≈..###..)≈≈≈...##.≈≈≈≈.........
≈≈..# ##.≈≈≈≈≈......≈≈≈......≈..
H.## #..≈≈≈≈.....≈.≈...###...≈


You could see Polyphemus and a catoblepas.

Vanquished Creatures
  Gastronok (Lair:2)
  A dire elephant (Gauntlet)
  A minotaur (Gauntlet)
  2 merfolk javelineers (Shoals:2)
  4 merfolk impalers
  Fannar (D:12)
  11 hydras
  2 merfolk aquamancers (Shoals:1)
  3 catoblepae (Lair:6)
  A satyr (Shoals:3)
  4 two-headed ogres
  A deep troll shaman (Lair:6)
  19 death yaks
  2 alligator snapping turtles (Shoals:2)
  Nergalle (Lair:3)
  Sonja (D:11)
  6 sea snakes
  5 harpies
  A deep elf zephyrmancer (D:6)
  A deep elf pyromancer (D:10)
  4 cyclopes
  2 ugly things
  10 manticores
  9 fauns
  12 elephants
  4 merfolk sirens
  6 black mambas
  2 water nymphs
  A gargoyle (D:12)
  A kobold demonologist (D:10)
  7 cane toads
  11 komodo dragons
  9 rime drakes
  An unseen horror (D:12)
  22 merfolk
  2 trolls (D:9)
  3 polar bears
  2 hornets (Gauntlet)
  4 snapping turtles
  6 wind drakes
  17 blink frogs
  Grinder (D:3)
  7 dream sheep
  3 shadows
  10 water elementals
  2 wyverns
  A wraith (D:12)
  Grum (Lair:1)
  4 vampires
  31 yaks
  6 basilisks
  4 redbacks (Lair:2)
  3 vampire mosquitoes
  2 wargs (D:11)
  2 acid dragons
  12 water moccasins
  2 sky beasts
  2 ice beasts
  6 orc warriors
  11 ogres
  3 black bears
  2 necrophages
  26 wolves
  8 centaurs
  4 kobold brigands
  11 bullfrogs
  7 gnoll sergeants
  3 killer bees (D:9)
  3 wights
  8 centaur zombies
  A bullfrog zombie (D:7)
  2 hounds
  A centaur skeleton (D:7)
  7 orc priests
  2 gnoll shamans
  4 jellies
  Terence (D:3)
  6 orc wizards
  3 iguanas
  6 hell rats (Lair:6)
  A hound zombie (D:5)
  22 gnolls
  6 adders
  A white imp (D:6)
  A worm (D:3)
  4 dart slugs
  28 orcs
  5 ball pythons
  4 bats
  8 endoplasms
  2 giant cockroaches
  6 hobgoblins
  2 quokkas
  5 frilled lizards
  10 goblins
  14 kobolds
  3 rats
543 creatures vanquished.

Vanquished Creatures (others)
  A bush (Lair:6)
  60 fungi
  134 plants
  4 withered plants (D:4)
199 creatures vanquished.

Grand Total: 742 creatures vanquished

Notes
Turn   | Place    | Note
-------+----------+-------------------------------------------
     0 | D:1      | pkoi the Demigod Ice Elementalist began the quest for the
                  | Orb.
     0 | D:1      | Reached XP level 1. HP: 14/14 MP: 5/5
   545 | D:1      | Reached XP level 2. HP: 16/20 MP: 2/7
  1648 | D:1      | Reached XP level 3. HP: 24/26 MP: 4/8
  2407 | D:2      | Learned a level 3 spell: Frozen Ramparts
  2547 | D:2      | You fall into a shaft and drop 2 floors!
  2558 | D:4      | Reached skill level 5 in Ice Magic
  2583 | D:4      | Reached XP level 4. HP: 19/33 MP: 4/9
  2757 | D:4      | Noticed an ogre
  2792 | D:4      | Killed an ogre
  2793 | D:4      | Reached XP level 5. HP: 38/38 MP: 4/10
  2942 | D:4      | Learned a level 3 spell: Ozocubu's Armour
  3112 | D:4      | Found Ahuhumur's Book Shop.
  3201 | D:4      | Found Hatzu's General Store.
  3835 | D:3      | Noticed a sky beast
  3842 | D:3      | Killed a sky beast
  3843 | D:3      | Reached XP level 6. HP: 36/45 MP: 3/13
  4389 | D:3      | Noticed Grinder
  4430 | D:3      | Learned a level 3 spell: Ignite Poison
  5315 | D:5      | Entered Level 5 of the Dungeon
  5506 | D:5      | Reached skill level 1 in Transmutations
  5506 | D:5      | Reached skill level 1 in Fire Magic
  5506 | D:5      | Reached skill level 1 in Poison Magic
  5755 | D:5      | Reached XP level 7. HP: 50/50 MP: 6/14
  5983 | D:4      | Bought a book of Vapours for 132 gold pieces
  5986 | D:4      | Learned a level 2 spell: Poisonous Vapours
  6486 | D:6      | Reached skill level 1 in Air Magic
  7894 | D:6      | Reached XP level 8. HP: 27/57 MP: 8/15
  8128 | D:6      | Noticed a deep elf zephyrmancer
  8133 | D:6      | Killed a deep elf zephyrmancer
  9237 | D:7      | Found a staircase to the Ecumenical Temple.
  9468 | D:7      | Reached skill level 5 in Transmutations
 10340 | D:7      | Reached skill level 5 in Spellcasting
 10340 | D:7      | Reached XP level 9. HP: 61/62 MP: 14/20
 10619 | Temple   | Entered the Ecumenical Temple
 11182 | D:8      | Reached skill level 1 in Unarmed Combat
 11459 | D:8      | Reached skill level 1 in Fighting
 12209 | D:8      | Reached skill level 2 in Unarmed Combat
 12209 | D:8      | Reached skill level 1 in Evocations
 13641 | D:9      | Noticed a two-headed ogre
 13645 | D:9      | Reached skill level 3 in Unarmed Combat
 13651 | D:9      | Killed a two-headed ogre
 13868 | D:9      | Noticed a two-headed ogre
 13921 | D:9      | Killed a two-headed ogre
 13922 | D:9      | Reached skill level 4 in Unarmed Combat
 13922 | D:9      | Reached XP level 10. HP: 74/74 MP: 10/22
 14442 | D:9      | Noticed a four-headed hydra
 14472 | D:9      | Noticed a two-headed ogre
 14477 | D:8      | Killed a two-headed ogre
 15003 | D:9      | Reached skill level 5 in Unarmed Combat
 15121 | D:9      | Learned a level 4 spell: Hailstorm
 15125 | D:9      | Learned a level 3 spell: Conjure Flame
 15373 | D:10     | Entered Level 10 of the Dungeon
 15806 | D:10     | Reached skill level 1 in Conjurations
 16349 | D:10     | Noticed a deep elf pyromancer
 16352 | D:10     | Killed a deep elf pyromancer
 19039 | D:11     | Noticed a two-headed ogre
 19042 | D:11     | Killed a two-headed ogre
 19051 | D:11     | Noticed a purple ugly thing
 19056 | D:11     | Killed a purple ugly thing
 19057 | D:11     | Reached skill level 6 in Unarmed Combat
 19057 | D:11     | Reached XP level 11. HP: 85/85 MP: 9/24
 19258 | D:11     | Noticed Sonja
 19262 | D:11     | Killed Sonja
 19263 | D:11     | Reached skill level 5 in Dodging
 19777 | D:11     | Found a staircase to the Lair.
 20434 | D:9      | Found a staircase to the Orcish Mines.
 20446 | D:9      | Reached skill level 5 in Fighting
 20590 | D:8      | Killed a four-headed hydra
 20669 | D:8      | Learned a level 1 spell: Magic Dart
 21073 | Lair:1   | Entered Level 1 of the Lair of Beasts
 22414 | Lair:1   | Reached skill level 5 in Evocations
 22469 | Lair:1   | Noticed Grum
 22476 | Lair:1   | Killed Grum
 23030 | Lair:2   | Reached skill level 7 in Unarmed Combat
 23529 | Lair:2   | Reached XP level 12. HP: 95/95 MP: 16/25
 23627 | Lair:2   | Noticed Gastronok
 23636 | Lair:2   | Killed Gastronok
 23988 | Lair:2   | Reached skill level 5 in Conjurations
 23991 | Lair:2   | Reached skill level 5 in Air Magic
 24824 | D:4      | Bought an Inescapable Atlas for 374 gold pieces
 24827 | D:4      | Learned a level 2 spell: Blink
 24900 | D:3      | Noticed Terence
 24904 | D:3      | Killed Terence
 25232 | D:3      | Killed Grinder
 26200 | Lair:2   | Reached skill level 1 in Translocations
 26263 | Lair:2   | Found a hole to the Spider Nest.
 26720 | Lair:3   | Found a runed translucent door.
 26720 | Lair:3   | Noticed a six-headed hydra
 26720 | Lair:3   | Noticed Shockd's ghost (journeyman MfIE)
 26802 | Lair:3   | Reached skill level 8 in Unarmed Combat
 27226 | Lair:3   | Noticed an eight-headed hydra
 28170 | Lair:3   | Noticed Nergalle
 28174 | Lair:3   | Killed Nergalle
 28964 | Lair:3   | Killed an eight-headed hydra
 29453 | Lair:4   | Reached XP level 13. HP: 92/102 MP: 12/28
 29566 | Lair:4   | Found a staircase to the Shoals.
 30834 | Lair:3   | Found a runed translucent door.
 31296 | Lair:4   | Reached skill level 9 in Unarmed Combat
 32328 | Lair:4   | Identified the ring of Pathrot {rF+ Str-4 Int+6 Slay+3}
 33282 | Lair:5   | Reached skill level 5 in Translocations
 34403 | Lair:6   | Entered Level 6 of the Lair of Beasts
 37122 | Lair:6   | Reached skill level 10 in Unarmed Combat
 37411 | Lair:6   | Reached XP level 14. HP: 110/110 MP: 25/31
 38337 | Lair:6   | Found a staircase to the Slime Pits.
 38575 | D:12     | Found a gate leading to a gauntlet.
 38584 | Gauntlet | Entered a Gauntlet
 38584 | Gauntlet | Found a transporter.
 38584 | Gauntlet | Found a transporter.
 38640 | Gauntlet | Found a transporter.
 38644 | Gauntlet | Found a transporter.
 38650 | Gauntlet | Found a runed translucent gate.
 38652 | Gauntlet | Found a transporter.
 38653 | Gauntlet | Found a runed translucent gate.
 38654 | Gauntlet | Found a runed translucent gate.
 38656 | Gauntlet | Found a transporter.
 38663 | Gauntlet | Found the +3 pair of seven-league boots {Rampage+∞}
 38665 | Gauntlet | Found a transporter.
 38680 | Gauntlet | Found a transporter.
 38697 | Gauntlet | Found a transporter.
 38698 | Gauntlet | Found a transporter.
 38706 | Gauntlet | Found a transporter.
 38710 | Gauntlet | Found a transporter.
 38849 | Gauntlet | Got the Disquisition on Bewitchment and Fire
 39130 | Gauntlet | Identified the amulet "Suxanliy" {RegenMP rPois}
 39165 | Gauntlet | Identified the +5 short sword of Day {holy, rCorr Int+6
                  | Dex-2}
 39179 | Gauntlet | Identified a ring of Ufyhoxox {Wiz Int+4}
 39185 | Gauntlet | Got the Disquisition on Shape Shifting
 39257 | D:12     | Learned a level 5 spell: Manifold Assault
 40159 | D:12     | Found Teskuac's Antique Weapon Shoppe.
 40448 | D:12     | Noticed Fannar
 40451 | D:12     | Killed Fannar
 41235 | Shoals:1 | Entered Level 1 of the Shoals
 44789 | Shoals:2 | Reached skill level 10 in Transmutations
 45027 | Shoals:2 | Reached skill level 11 in Unarmed Combat
 45846 | Shoals:2 | Found Vimiul's CLEARANCE SALE!.
 45898 | Shoals:2 | Reached XP level 15. HP: 65/115 MP: 18/33
 47309 | Shoals:3 | Reached skill level 10 in Spellcasting
 47521 | Shoals:3 | Noticed Polyphemus
 47536 | Shoals:3 | HP: 2/115 [catoblepas/blast of calcifying dust[Polyphemus]
                  | (8)]
 47539 | Shoals:3 | Mangled by a catoblepas

Illustrated notes

Levels and vault maps discovered:
D:1:      matt_arrival_los_fun, layout_loops_cross,
          hellmonk_ecumenical_altar_inner_sanctum
D:2:      layout_rooms
D:3:      layout_basic, mainiacjoe_overflow_paths, minmay_surrounded,
          uniq_terence, uniq_grinder
D:4:      layout_loops_ring, grunt_temple_overflow_growth_and_decay,
          serial_shops, shop_fountains, nicolae_square_shop, nrook_uturn
D:5:      nicolae_BIG_FREAKIN_CUBE, layout_rooms
D:6:      layout_basic, st_stairs_4, eino_tiny_chamber,
          guppyfry_early_elven_hall
D:7:      corexii_shack_village, layout_basic,
          minmay_temple_entry_statues_fountains, hex_tiny,
          chequers_serial_rivers_small_3
D:8:      layout_gridville
D:9:      nzn_winding_woodlands_small [nzn_winding_woodlands_5x15_longhouse,
          nzn_winding_woodlands_center_diamonds,
          nzn_winding_woodlands_5x15_split_checker], layout_cave_pools,
          kennysheep_orc_monster_closet_entryway, nicolae_zen_rock_garden
D:10:     layout_layer_cave, trog_three_pillars_becter
D:11:     layout_rooms, erik_lair_orcish_takeover, serial_aquarium,
          aquarium_bridge_square [aquarium_subvault_bridge,
          aquarium_subvault_wall, aquarium_subvault_wall,
          aquarium_subvault_bridge], aquarium_window_1, aquarium_window_1,
          aquarium_view_2c, aquarium_balcony_3b, uniq_sonja
D:12:     layout_irregular_city, gauntlet_entry_generic, serial_shops,
          nicolae_shop_waterfront, uniq_fannar
D:13:     dreamdust_black_sun_cult, layout_gridville,
          chequers_serial_rivers_marsh, zin_angel, uniq_rupert, uniq_azrael
Temple:   mainiacjoe_temple_coin_purse
Lair:1:   layout_cave_pods, uniq_grum
Lair:2:   layout_loops_ring, spider_nest_entry_webs, beast_lair_carwin_4,
          uniq_gastronok
Lair:3:   layout_layer_cave, ebering_ghost_inner_flame, grunt_megastairs_3,
          uniq_nergalle
Lair:4:   layout_small_grid, minmay_shoals_entry_centaurs, lemuel_fruit_tree
Lair:5:   layout_layer_cave, grunt_megastairs_5, infiniplex_staircase_pool_2
Lair:6:   grunt_lair_end_beastmaster, layout_cave_pods, dpeg_slime_entry_corner,
          st_stairs_11, minmay_lair_drake_nest
Shoals:1: layout_shoals
Shoals:2: layout_shoals, nicolae_shop_clearance
Shoals:3: layout_shoals, uniq_polyphemus

Skill      XL: |  1  2  3  4  5  6  7  8  9 10 11 12 13 14 15 |
---------------+----------------------------------------------+-----
Spellcasting   | 2 3 5 6 7 8 9 10 | 10.0
Ice Magic      | 4 5 6 7 |  7.7
Transmutations | 1 3 5 6 7 8 10 | 10.8
Fire Magic     | 1 3 |  3.0
Poison Magic   | 1 3 4 |  4.0
Air Magic      | 2 3 4 5 7 8 9 |  9.5
Dodging        | 3 4 6 |  6.0
Unarmed Combat | 4 6 7 8 10 11 | 11.6
Fighting       | 2 4 5 6 |  6.0
Stealth        | 3 |  3.0
Evocations     | 2 3 5 6 |  6.0
Conjurations   | 2 4 5 |  5.0
Translocations | 3 6 7 |  7.0

Action                   |  1- 3 |  4- 6 |  7- 9 | 10-12 | 13-15 || total
-------------------------+-------+-------+-------+-------+-------++-------
Melee: Club              |     3 |       |       |       |       ||     3
       Dagger            |       |    38 |    71 |    34 |       ||   143
       Punch             |       |     1 |     5 |     7 |     2 ||    15
       Spear             |       |       |    55 |   107 |       ||   162
       Staff             |       |       |       |     8 |     4 ||    12
       Unarmed           |       |       |       |     7 |    39 ||    46
 Fire: Hunting sling     |    20 |    65 |    32 |       |       ||   117
 Cast: Freeze            |    41 |    15 |     9 |    38 |    92 ||   195
       Frozen Ramparts   |     2 |    22 |    29 |    40 |    40 ||   133
       Ozocubu's Armour  |       |    14 |    28 |    45 |    40 ||   127
       Poisonous Vapours |       |       |    59 |   160 |   256 ||   475
       Ignite Poison     |       |       |    34 |    91 |   172 ||   297
       Hailstorm         |       |       |       |    19 |    12 ||    31
       Conjure Flame     |       |       |       |    11 |    14 ||    25
       Magic Dart        |       |       |       |    10 |    21 ||    31
       Blink             |       |       |       |       |     6 ||     6
       Manifold Assault  |       |       |       |       |     6 ||     6
Evoke: Wand              |       |       |       |     2 |       ||     2
  Use: Scroll            |       |     7 |     6 |     6 |     9 ||    28
       Potion            |       |       |       |     1 |       ||     1
 Stab: Distracted        |       |       |     1 |     1 |       ||     2
       Sleeping          |       |       |     1 |       |       ||     1
Armor: Robe              |     5 |    15 |    84 |   155 |   169 ||   428
Dodge: Dodged            |    23 |    33 |   134 |   180 |   226 ||   596
